 Dungeon Crawl Stone Soup version 0.28-a0-43-g560ac104fe (webtiles) character file.

Game seed: 7082052111514865445

8543 robertstho the Spear-Bearer (level 11, -1/89 HPs)
             Began as a Human Berserker on July 28, 2021.
             Was an Elder of Trog.
             Slain by a black mamba (12 damage)
             ... on level 1 of the Lair of Beasts.
             The game lasted 00:16:08 (11930 turns).

robertstho the Spear-Bearer (Human Berserker)      Turns: 11930, Time: 00:16:08

Health: -1/89      AC: 16    Str: 25    XL:     11   Next: 57%
Magic:  11/11      EV:  8    Int:  8    God:    Trog [****..]
Gold:   348        SH:  5    Dex:  8    Spells: 10/10 levels left

rFire   . . .      SeeInvis .   z - +0 glaive
rCold   . . .      Faith    .   (shield currently unavailable)
rNeg    . . .      Spirit   .   h - +0 plate armour
rPois   +          Reflect  +   (no helmet)
rElec   .          Harm     .   (no cloak)
rCorr   +          Rampage  .   (no gloves)
Will    +++..                   M - +1 pair of boots
Stlth   ..........              q - amulet of reflection
HPRegen 1.24/turn               c - ring of willpower
MPRegen 0.12/turn               J - ring of Xill {rPois rCorr Str+4 Dex-4}

@: lethally poisoned (-1 -> -4), strong-willed, on berserk cooldown,
regenerating, slowed, very slow
A: no striking features
a: Renounce Religion, Berserk, Trog's Hand, Brothers in Arms


You were on level 1 of the Lair of Beasts.
You worshipped Trog.
Trog was greatly pleased with you.
You visited 2 branches of the dungeon, and saw 11 of its levels.
You also visited: Sewer.

You collected 636 gold pieces.
You spent 288 gold pieces at shops.

Inventory:

Hand Weapons
 x - a +0 trident
 z - a +0 glaive (weapon)
Armour
 h - a +0 plate armour (worn)
 i - a scarf of resistance
 o - a +2 ring mail of cold resistance
 y - the +2 leather armour of the Trees {rElec}
   (You found it on level 5 of the Dungeon)

   rElec:     It insulates you from electricity.
 M - a +1 pair of boots (worn)
Jewellery
 c - a ring of willpower (left hand)
 p - a ring of ice
 q - an amulet of reflection (around neck)
 J - the ring of Xill (right hand) {rPois rCorr Str+4 Dex-4}
   (You found it on level 8 of the Dungeon)

   [ring of resist corrosion]

   Str:       It affects your strength (+4).
   Dex:       It affects your dexterity (-4).
   rPois:     It protects you from poison.
   rCorr:     It protects you from acid and corrosion.
Wands
 E - a wand of mindburst (33)
Scrolls
 f - a scroll of torment {unknown}
 g - 2 scrolls of fog {unknown}
 j - 2 scrolls of enchant weapon
 l - 5 scrolls of teleportation
 r - 3 scrolls of enchant armour {unknown}
 s - 2 scrolls of blinking {unknown}
 t - 2 scrolls of summoning
 D - a scroll of immolation
 I - a scroll of holy word
 K - a scroll of silence
 L - a scroll of noise {unknown}
Potions
 a - 2 potions of ambrosia {unknown}
 d - 2 potions of invisibility
 e - 5 potions of curing
 k - 2 potions of lignification
 u - 8 potions of flight
 v - 2 potions of brilliance {unknown}
 w - 2 potions of cancellation {unknown}
 B - 4 potions of heal wounds
 C - a potion of might
 G - a potion of attraction {unknown}
 O - a potion of haste


   Skills:
 * Level 9.0 Fighting
 + Level 9.9 Polearms
 * Level 9.5 Armour
 + Level 6.1 Dodging
 + Level 4.0 Stealth
 + Level 5.4 Shields
 + Level 3.4 Evocations


You had 10 spell levels left.
You didn't know any spells.
Your spell library was empty.

Dungeon Overview and Level Annotations

Branches:
Dungeon (10/15)            Temple (0/1) D:4            Lair (1/6) D:8
  Sewer (visited)
    Orc: D:9-12

Altars:
Ashenzari
Okawaru
Qazlal
Vehumet
Zin
The Shining One

Shops:
D:6 *   D:7 [   D:9 !


Message History

You closely miss the black mamba.
The black mamba is severely wounded.
The black mamba bites you but does no damage.
You closely miss the black mamba.
The black mamba is severely wounded.
You are no longer berserk.
You are exhausted.
You feel yourself slow down.
The black mamba bites you but does no damage.
The black mamba barely misses you.
You miss the black mamba.
The black mamba is severely wounded.
The black mamba barely misses you. x2; The black mamba bites you.
You hit the black mamba but do no damage.
The black mamba is severely wounded.
You block the black mamba's attack. The black mamba closely misses you.
The black mamba bites you.
Your skin crawls.
You feel strong-willed. You block the black mamba's attack.
The black mamba bites you!
* * * LOW HITPOINT WARNING * * *
The black mamba bites you but does no damage.
Unknown command.
Your plate armour prevents you from hitting the black mamba.
The black mamba is severely wounded.
The black mamba barely misses you. You block the black mamba's attack. x2
You miss the black mamba.
The black mamba is severely wounded.
The black mamba closely misses you. You block the black mamba's attack.
The black mamba closely misses you. You block the black mamba's attack.
Your ogre goes berserk!
The black mamba bites you.
* * * LOW HITPOINT WARNING * * *
You are poisoned.
The black mamba poisons you! The black mamba bites you!
* * * LOW HITPOINT WARNING * * *
Unknown command.
You feel very sick. The black mamba bites you!
You die...

#######
##≈≈≈≈≈##
##≈≈≈≈≈≈≈#
##≈≈.P.<≈≈#
#≈≈..:...≈#
#≈≈P...#.##
##≈POF@.##
#≈..#S##
#≈≈.†##
##≈≈F.#
##≈..##
#≈≈..#
##≈..##
#≈...#
##...!.)....


You could see a black mamba (ally target), 2 cane toads and a friendly ogre
(summoned, berserk).

Vanquished Creatures
  A two-headed ogre (D:10)
  A gargoyle (D:10)
  A cane toad (Lair:1)
  A kobold demonologist (D:9)
  A komodo dragon (D:8)
  2 trolls
  A hornet (D:7)
  Sigmund (D:2)
  A wraith (D:10)
  A wyvern (D:8)
  The ghost of Zonian the Chopper, an amateur HOFi (D:6)
  2 yaks (D:8)
  3 steam dragons
  5 water moccasins
  An acid dragon (D:9)
  2 black bears
  A sky beast (D:7)
  An orc warrior (D:6)
  A necrophage (D:5)
  2 hornet zombies
  2 ogres
  6 centaurs
  2 phantoms
  A kobold brigand (D:8)
  7 bullfrogs
  7 scorpions
  A water moccasin zombie (D:6)
  6 killer bees (D:8)
  4 howler monkeys
  5 centaur zombies
  A jelly (D:4)
  3 orc priests
  2 bullfrog skeletons
  2 hounds (D:5)
  A centaur skeleton (D:5)
  A gnoll shaman (D:6)
  2 iguanas
  7 orc wizards
  2 killer bee zombies
  2 howler monkey zombies
  5 gnolls (D:6)
  A river rat (D:4)
  10 adders
  2 howler monkey skeletons
  A shadow imp (D:8)
  An ufetubus (D:7)
  6 worms
  2 dart slugs
  15 orcs
  22 bats
  12 endoplasms
  6 giant cockroaches
  5 goblins
  7 hobgoblins
  4 jackals (Sewer)
  9 kobolds
  8 quokkas
  9 ball pythons
  2 frilled lizards
  12 rats
233 creatures vanquished.

Vanquished Creatures (collateral kills)
  An orc priest (D:7)
  2 orcs (D:7)
3 creatures vanquished.

Vanquished Creatures (others)
  A hound (D:4)
  An adder (D:4)
  An orc (D:6)
  44 fungi
  38 plants
85 creatures vanquished.

Grand Total: 321 creatures vanquished

Notes
Turn   | Place    | Note
-------+----------+-------------------------------------------
     0 | D:1      | robertstho the Human Berserker began the quest for the Orb.
     0 | D:1      | Reached XP level 1. HP: 18/18 MP: 1/1
   224 | D:1      | Reached XP level 2. HP: 24/24 MP: 2/2
   836 | D:1      | Reached XP level 3. HP: 29/29 MP: 3/3
  1184 | D:2      | Reached ** piety under Trog
  1377 | D:2      | Noticed Sigmund
  1392 | D:2      | Killed Sigmund
  1393 | D:2      | Reached skill level 1 in Stealth
  1393 | D:2      | Reached XP level 4. HP: 6/37 MP: 4/4
  1393 | D:2      | Reached XP level 5. HP: 6/42 MP: 5/5
  1393 | D:2      | Reached XP level 6. HP: 7/48 MP: 6/6
  2813 | D:3      | Found a glowing silver altar of Zin.
  3157 | D:3      | Found a faded altar of an unknown god.
  3305 | D:4      | Noticed an ogre
  3318 | D:4      | Killed an ogre
  3328 | D:4      | Reached XP level 7. HP: 27/60 MP: 7/7
  3503 | D:4      | Reached XP level 8. HP: 67/67 MP: 8/8
  3674 | D:4      | Found a glowing drain.
  3678 | Sewer    | Entered a sewer
  3800 | Sewer    | Reached *** piety under Trog
  4538 | D:4      | Found a staircase to the Ecumenical Temple.
  4678 | D:5      | Entered Level 5 of the Dungeon
  4703 | D:5      | Identified the +2 leather armour of the Trees {rElec}
  4947 | D:5      | Reached XP level 9. HP: 68/72 MP: 9/9
  5610 | D:6      | Found a broken altar of Ashenzari.
  5722 | D:6      | Reached **** piety under Trog
  5979 | D:6      | Found a glowing silver altar of Zin.
  6304 | D:6      | Found a large runed translucent door.
  6307 | D:6      | Found a large runed translucent door.
  6311 | D:6      | Noticed Zonian's ghost (amateur HOFi)
  6455 | D:6      | Found Ephupn's Overcharged Wands.
  6884 | D:6      | Killed Zonian's ghost
  6885 | D:6      | Reached XP level 10. HP: 46/80 MP: 10/10
  7055 | D:7      | Found Zableaja's Armour Shoppe.
  8087 | D:7      | Found an iron altar of Okawaru.
  8552 | D:8      | Found a stormy altar of Qazlal.
  9382 | D:8      | Noticed a komodo dragon
  9390 | D:8      | Killed a komodo dragon
  9435 | D:8      | Reached XP level 11. HP: 46/87 MP: 11/11
  9444 | D:8      | Reached skill level 5 in Shields
  9665 | D:8      | Found a staircase to the Lair.
  9675 | D:8      | Identified the ring of Xill {rPois rCorr Str+4 Dex-4}
  9910 | D:8      | Found a glowing golden altar of the Shining One.
 10669 | D:9      | Found Gaacuett's Distillery.
 10673 | D:9      | Bought a potion of degeneration for 12 gold pieces
 10673 | D:9      | Bought a potion of curing for 36 gold pieces
 10673 | D:9      | Bought a potion of berserk rage for 60 gold pieces
 10673 | D:9      | Bought a potion of heal wounds for 60 gold pieces
 10673 | D:9      | Bought a potion of haste for 120 gold pieces
 11219 | D:9      | Found a radiant altar of Vehumet.
 11374 | D:10     | Entered Level 10 of the Dungeon
 11374 | D:10     | Noticed a two-headed ogre
 11382 | D:10     | Killed a two-headed ogre
 11887 | Lair:1   | Entered Level 1 of the Lair of Beasts
 11930 | Lair:1   | Slain by a black mamba

Illustrated notes

Levels and vault maps discovered:
D:1:      minmay_arrival_nine_rooms, layout_basic
D:2:      minmay_alternating_diamond, layout_basic, serial_forest,
          infiniplex_forest_lined_ring, infiniplex_forest_straight_5,
          infiniplex_forest_end_double, infiniplex_forest_pool,
          infiniplex_forest_clump_medium, infiniplex_forest_join,
          infiniplex_forest_end_double, uniq_sigmund
D:3:      layout_basic, zin_scriptorium, chequers_ecumenical_altar_twisty,
          minmay_joined_circles
D:4:      layout_rooms, temple_green, gup_sewer_entry_spiral
D:5:      layout_rooms, minmay_misc_feat_columns
D:6:      layout_rooms, ebering_ghost_disaster_area, hangedman_feature_mirror,
          nicolae_shop_overcharged_wands
D:7:      layout_rooms, nicolae_overflow_crystal_walls, serial_shops, shop,
          grunt_ministairs_2
D:8:      layout_basic, grunt_qazlal_clouds, tso_metal_star,
          due_lair_maze_entry_diamond
D:9:      old_forge, layout_basic, mainiacjoe_overflow_alcove_2, serial_shops,
          nicolae_shop_crystal, kennysheep_generic_room_13
D:10:     layout_small_grid, grunt_temple_overflow_open, general_overflow_altar,
          mainiacjoe_overflow_two_lobes, minmay_crystal_room, uniq_joseph
Lair:1:   layout_chaotic_city, minmay_lair_oklob_bushes,
          cheibrodos_lair_caveside_slide, beast_lair_carwin_3, uniq_grum

Skill      XL: |  1  2  3  4  5  6  7  8  9 10 11 |
---------------+----------------------------------+-----
Fighting       | 4 7 8 9 |  9.0
Polearms       | 4 7 8 9 |  9.9
Stealth        | 1 4 |  4.0
Armour         | 6 7 8 9 |  9.5
Dodging        | 6 |  6.1
Shields        | 3 4 5 |  5.4
Evocations     | 3 |  3.4

Action                   |  1- 3 |  4- 6 |  7- 9 | 10-12 || total
-------------------------+-------+-------+-------+-------++-------
Melee: Spear             |   133 |   103 |   200 |       ||   436
       Trident           |       |       |   220 |       ||   220
       Glaive            |       |       |    70 |   374 ||   444
Invok: Berserk           |     1 |     2 |     9 |    11 ||    23
       Trog's Hand       |       |       |     5 |     4 ||     9
       Brothers in Arms  |       |       |     1 |     2 ||     3
Evoke: Wand              |       |       |     1 |       ||     1
  Use: Scroll            |     3 |     5 |     2 |     9 ||    19
       Potion            |       |     1 |     4 |       ||     5
 Stab: Sleeping          |     2 |       |       |       ||     2
Armor: Animal skin       |    14 |       |       |       ||    14
       Plate armour      |     1 |    42 |   228 |   369 ||   640
Dodge: Dodged            |    65 |    26 |   130 |   215 ||   436
Block: Buckler           |       |     5 |   163 |       ||   168
       Other             |       |       |    28 |   145 ||   173
       Reflection        |       |       |       |     7 ||     7

Table legend: (Time is in decaauts)
 A = Elapsed time spent in this place.
 B = Non-inter-level travel time spent in this place.
 C = Inter-level travel time spent in this place.
 D = Time resting spent in this place.
 E = Time spent auto-exploring this place.
 F = Levels seen in this place.
 G = Mean time per level.
                   A        B        C        D        E       F      G
               +--------+--------+--------+--------+--------+-----+--------+
         Total |  12299 |  11858 |    441 |   2051 |   7508 |  12 | 1024.9 |
       Dungeon |  11489 |  11049 |    440 |   1964 |   7030 |  10 | 1148.9 |
          Lair |     44 |     44 |      0 |      0 |      8 |   1 |   44.0 |
         Sewer |    764 |    764 |      0 |     87 |    470 |   1 |  764.0 |
               +--------+--------+--------+--------+--------+-----+--------+

Top non-repeatable levels by time:
     D:7: 1602 daAuts
     D:6: 1588 daAuts
     D:5: 1382 daAuts
     D:2: 1309 daAuts
     D:8: 1235 daAuts
     D:9: 1149 daAuts
     D:3: 986 daAuts
     D:1: 921 daAuts
     D:4: 842 daAuts
   Sewer: 764 daAuts
    D:10: 472 daAuts
  Lair:1: 44 daAuts
